 Dungeon Crawl Stone Soup version 0.28-a0-578-g717728bcc0 (webtiles) character file.

Game seed: 6566176163233249135

278257 DungeonMaster the Peltast (level 19, -3/132 HPs)
             Began as a Demonspawn Wanderer on Sept 26, 2021.
             Was the Champion of Vehumet.
             Killed from afar by an ironbound frostheart (32 damage)
             ... by creeping frost
             ... on level 1 of the Vaults on Oct 2, 2021.
             The game lasted 03:06:01 (44815 turns).

DungeonMaster the Peltast (Demonspawn Wanderer)    Turns: 44815, Time: 03:06:02

Health: -3/132     AC: 20    Str: 15    XL:     19   Next: 62%
Magic:  37/37      EV: 14    Int: 29    God:    Vehumet [******]
Gold:   3014       SH: 27    Dex: 16    Spells: 12/47 levels left

rFire   + . .      SeeInvis .   a - +3 dagger of Nire {vorpal, Int+6 Dex+2 Stlth+}
rCold   + . .      Faith    +   g - +7 tower shield {reflect}
rNeg    + . .      Spirit   .   u - +4 ring mail of Hide-and-Seek {+Inv rElec rPois rN+}
rPois   +          Reflect  +   j - +2 helmet
rElec   +          Harm     .   h - +2 cloak of Protective Custody {+Blink}
rCorr   .          Rampage  .   A - +2 pair of gloves {archery}
Will    +....                   (boots unavailable)
Stlth   ++........              Q - amulet of Rodiafra {Faith Drain rPois rF+ rC+}
HPRegen 1.32/turn               x - +4 ring of protection
MPRegen 0.25/turn               P - ring of Keizuxza {Wiz Str+3}

@: frozen, corroded, slowed, very slow
A: talons 3, demonic guardian 3, sharp scales 3, demonic magic 3, agile 1,
regeneration 1, wild magic 1
}: 2/15 runes: decaying, serpentine
a: Renounce Religion, Evoke Blink, Evoke Invisibility


You were on level 1 of the Vaults.
You worshipped Vehumet.
Vehumet was exalted by your worship.
You visited 8 branches of the dungeon, and saw 36 of its levels.
You visited the Abyss 1 time.
You also visited: Ossuary and Ice Cave.

You collected 9120 gold pieces.
You spent 6106 gold pieces at shops.

Inventory:

Hand Weapons
 a - the +3 dagger of Nire (weapon) {vorpal, Int+6 Dex+2 Stlth+}
   (You bought it in a shop on level 2 of the Orcish Mines)

   It inflicts extra damage upon your enemies.
   Int:       It affects your intelligence (+6).
   Dex:       It affects your dexterity (+2).
   Stlth:     It makes you more stealthy.
 d - the +10 morningstar "Eos" {elec, Halo rElec}
   (You took it off an orc high priest on level 3 of the Elven Halls)

   It occasionally discharges a powerful burst of electricity upon striking a
   foe.
   It grants its wielder a halo, increasing accuracy against those within it.
   rElec:     It insulates you from electricity.
 f - a +2 scimitar of flaming
 s - a +7 trident of electrocution
Missiles
 N - a throwing net (quivered) {!*}
 S - 2 curare-tipped darts
Armour
 g - a +7 tower shield of reflection (worn)
 h - the +2 cloak of Protective Custody (worn) {+Blink}
   (You bought it in a shop on level 2 of the Orcish Mines)

   +Blink:    It lets you blink.
 j - a +2 helmet (worn)
 u - the +4 ring mail of Hide-and-Seek (worn) {+Inv rElec rPois rN+}
   (You bought it in a shop on level 2 of the Orcish Mines)

   rElec:     It insulates you from electricity.
   rPois:     It protects you from poison.
   rN:        It protects you from negative energy.
   +Inv:      It lets you turn invisible.
 A - a +2 pair of gloves of archery (worn)
Jewellery
 e - a ring of flight
 x - a +4 ring of protection (left hand)
 P - the ring of Keizuxza (right hand) {Wiz Str+3}
   (You found it on level 3 of the Elven Halls)

   [ring of wizardry]

   It improves your spell success rate.
   Str:       It affects your strength (+3).
 Q - the amulet of Rodiafra (around neck) {Faith Drain rPois rF+ rC+}
   (You acquired it on level 11 of the Dungeon)

   [amulet of faith]

   It allows you to gain divine favour quickly.
   rF:        It protects you from fire.
   rC:        It protects you from cold.
   rPois:     It protects you from poison.
   Drain:     It drains your maximum health when unequipped.
 R - a ring of see invisible
 V - a +4 ring of protection
Wands
 k - a wand of iceblast (11)
 m - a wand of flame (62)
 z - a wand of digging (4)
 F - a wand of charming (8)
 M - a wand of paralysis (21)
 Y - a wand of mindburst (2)
Scrolls
 b - 12 scrolls of teleportation
 C - 3 scrolls of blinking
 D - a scroll of fear
 G - 3 scrolls of fog
Potions
 c - a potion of resistance
 i - 3 potions of berserk rage
 o - 7 potions of might
 p - 3 potions of heal wounds
 r - 2 potions of invisibility
 t - 2 potions of cancellation
 v - 7 potions of curing
 H - a potion of magic
 I - 8 potions of haste {ench to +7}
 J - 3 potions of flight
Miscellaneous
 E - a phantom mirror
 K - a condenser vane
 O - a lightning rod (4/4)
 W - a box of beasts


   Skills:
 - Level 7.0 Fighting
 - Level 1.0 Staves
 - Level 10.0 Armour
 - Level 10.0 Dodging
 - Level 1.0 Stealth
 * Level 15.9 Shields
 - Level 14.5 Spellcasting
 - Level 12.3 Conjurations
 - Level 1.0 Transmutations
 * Level 13.9 Fire Magic
 - Level 9.0 Ice Magic
 - Level 8.8 Air Magic
 - Level 5.0 Poison Magic


You had 12 spell levels left.
You knew the following spells:

 Your Spells              Type           Power      Damage    Failure   Level
a - Ignite Poison         Fire/Tmut/Pois 67%        N/A       1%          3
b - Olgreb's Toxic Radia  Pois           60%        N/A       3%          4
c - Foxfire               Conj/Fire      100%       2x1d9     1%          1
d - Sticky Flame          Conj/Fire      91%        2d10      1%          4
e - Starburst             Conj/Fire      45%        6d13      1%          6
f - Freezing Cloud        Conj/Ice/Air   40%        6-21      1%          5
g - Ignition              Fire           46%        3d13      30%         8
h - Hailstorm             Conj/Ice       83%        3d17      1%          4

Your spell library contained the following spells:

 Spells                   Type           Power      Damage    Failure   Level
 Maxwell's Capacitive Co  Air            38%        ∞         88%         8
 Fire Storm               Conj/Fire      45%        8d12      99%         9
 Polar Vortex             Ice            38%        N/A       100%        9
 Magic Dart               Conj           100%       1d8       1%          1
 Shock                    Conj/Air       100%       1d9       1%          1
 Poisonous Vapours        Pois/Air       100%       N/A       1%          2
 Searing Ray              Conj           100%       2d8       1%          2
 Static Discharge         Conj/Air       82%        N/A       1%          2
 Conjure Flame            Conj/Fire      91%        6-21      1%          3
 Frozen Ramparts          Ice            100%       1d12      1%          3
 Ozocubu's Armour         Ice            77%        N/A       1%          3
 Stone Arrow              Conj/Erth      100%       3d13      1%          3
 Swiftness                Air            76%        N/A       1%          3
 Flame Wave               Conj/Fire      91%        3d15      1%          4
 Fulminant Prism          Conj/Hex       32%        3d16      1%          4
 Sting                    Tmut/Pois      100%       1d8       2%          1
 Corpse Rot               Necr/Air       N/A        N/A       2%          2
 Ensorcelled Hibernation  Hex/Ice        100%       N/A       2%          2
 Irradiate                Conj/Tmut      33%        3d24      4%          5
 Beastly Appendage        Tmut           68%        N/A       5%          1
 Spider Form              Tmut/Pois      25%        N/A       7%          3
 Apportation              Tloc           54%        N/A       8%          1
 Wereblood                Tmut           34%        N/A       8%          2
 Passwall                 Tmut/Erth      25%        N/A       9%          2
 Ice Form                 Ice/Tmut       60%        N/A       9%          4
 Slow                     Hex            27%        N/A       12%         2
 Summon Ice Beast         Ice/Summ       57%        N/A       12%         4
 Confusing Touch          Hex            27%        N/A       21%         3
 Gell's Gravitas          Tloc           13%        N/A       21%         3
 Lesser Beckoning         Tloc           27%        N/A       21%         3
 Teleport Other           Tloc           27%        N/A       21%         3
 Tukima's Dance           Hex            27%        N/A       21%         3
 Vampiric Draining        Necr           13%        2d7       21%         3
 Iron Shot                Conj/Erth      32%        9d7       21%         6
 Metabolic Englaciation   Hex/Ice        28%        N/A       28%         5
 Ozocubu's Refrigeration  Ice            38%        4d12      30%         7
 Lee's Rapid Deconstruct  Erth           13%        3d10*     38%         5
 Petrify                  Tmut/Erth      31%        N/A       45%         4
 Alistair's Intoxication  Tmut/Pois      33%        N/A       45%         5
 Animate Armour           Summ/Erth      54%        N/A       52%         4
 Cause Fear               Hex            13%        N/A       52%         4
 Dispel Undead            Necr           27%        3d13      52%         4
 Leda's Liquefaction      Hex/Erth       13%        N/A       52%         4
 Blade Hands              Tmut           17%        N/A       71%         5
 Simulacrum               Ice/Necr       28%        N/A       78%         6
 Excruciating Wounds      Necr           13%        N/A       83%         5
 Statue Form              Tmut/Erth      20%        N/A       99%         6
 Lehudib's Crystal Spear  Conj/Erth      32%        10d8      99%         8
 Death Channel            Necr           13%        N/A       100%        6
 Dispersal                Tloc           13%        N/A       100%        6
 Invisibility             Hex            13%        N/A       100%        6
 Dragon Form              Tmut           17%        N/A       100%        7
 Malign Gateway           Summ/Tloc      13%        N/A       100%        7
 Disjunction              Tloc           13%        N/A       100%        8
 Summon Horrible Things   Summ           13%        N/A       100%        8
 Dragon's Call            Summ           13%        N/A       100%        9


Dungeon Overview and Level Annotations

Branches:
Dungeon (15/15)            Temple (1/1) D:6            Lair (6/6) D:11
  Swamp (4/4) Lair:2        Snake (4/4) Lair:2        Slime (0/5) Lair:6
    Orc (2/2) D:11            Elf (3/3) Orc:2        Vaults (1/5) D:14
 Depths (0/4) D:15        Ossuary (visited)           IceCv (visited)

Altars:
Ashenzari
Cheibriados
Elyvilon
Fedhas
Gozag
Hepliaklqana
Makhleb
Ru
Vehumet
Yredelemnul
Jiyva

Shops:
D:3 [   D:4 (   D:11 [(   D:12 :   D:15 (   Orc:2 [((?[   Elf:1 *   Elf:3 [
Snake:1 [   Snake:4 ?

Portals:
Hell: Lair:6
Trove: D:15 (give +7 demon trident)

Annotations:
Lair:6 1 runed translucent door
Elf:2 3 runed translucent doors


Innate Abilities, Weirdness & Mutations

You have claws for feet.
A powerful demonic guardian rushes to your aid.
You are completely covered in razor-sharp scales. (AC +3, Slay +3)
Spells you cast and wands you use may paralyse nearby enemies.
You are agile. (Dex +2)
Your natural rate of healing is unusually fast.
Your spells are a little harder to cast, but a little more powerful.


Message History

The deep elf high priest utters an invocation to its god.
The deep elf high priest begins emitting a brilliant aura!
The ironbound frostheart is engulfed in freezing vapours.
The ironbound frostheart calls freezing cold from the walls.
The frost grips you!! You partially resist.
You are encased in ice.
The yaktaur captain simulacrum is no longer paralysed.
Something touches you!
The yaktaur captain simulacrum closely misses you.
A vault sentinel simulacrum comes into view.
The ironbound frostheart is engulfed in freezing vapours.
Something touches you but does no damage.
The ice encasing you melts away.
The very ugly thing simulacrum is no longer paralysed.
The ironbound frostheart is empowered by the deep elf high priest's aura!
The ironbound frostheart is engulfed in freezing vapours.
You hear some strange, mumbled words.
You feel yourself slow down.
The ironbound convoker casts a spell at the vault sentinel simulacrum.
The vault sentinel simulacrum seems to grow stronger.
Okay, then.
You open the door.
Something touches you but does no damage.
An ettin simulacrum comes into view.
The ironbound convoker points at the vault warden simulacrum and mumbles some strange words.
The vault warden simulacrum seems to grow stronger.
You block something's attack.
The frost giant simulacrum barely misses you.
A phantasmal warrior comes into view.
The yaktaur captain simulacrum is no longer paralysed.
The ironbound frostheart is engulfed in freezing vapours.
The ironbound frostheart calls freezing cold from the walls.
The frost grips you!! You partially resist.
* * * LOW HITPOINT WARNING * * *
You are encased in ice.
Something touches you but does no damage.
The ironbound frostheart is engulfed in freezing vapours.
The ironbound frostheart calls freezing cold from the walls.
The frost grips you!! You partially resist.
You die...

########
#......#
#......#
#......#
#..∩...#
#......###
#......@.###
###+#+####pZZ###
# #....[.#
#ZZZZZ##Z).#
#....†.#


#ZZ)ZZZWZ).. #......# #.###e§Z)... #...)[.# ### ZZp§).. #......# )#Z§..c
#......# .#Z§##. #......# ## .# You could see an ironbound frostheart
(empowered), a deep elf high priest (soul bound, brilliance aura), a phantasmal
warrior (strong), an ironbound convoker (soul bound), a lindwurm simulacrum, a
very ugly thing simulacrum, 3 yaktaur captain simulacra, a frost giant
simulacrum, 3 vault sentinel simulacra, 2 vault warden simulacra, 2 ironbound
convoker simulacra, a tengu reaver simulacrum and an entropy weaver simulacrum.

Vanquished Creatures
  Vashnia (Snake:4)
  2 tentacled monstrosities
  A deep elf blademaster (Elf:3)
  An Ice Fiend (IceCv)
  3 deep elf master archers (Elf:3)
  Agnes (D:15)
  3 nagarajas
  A tengu reaver (Vaults:1)
  A frost giant (Vaults:1)
  3 vault wardens (Vaults:1)
  An orc warlord (Orc:2)
  5 deep elf elementalists (Elf:3)
  13 deep elf sorcerers
  2 ironbound preservers (Vaults:1)
  3 very ugly things
  Nessos (D:15)
  A deep elf demonologist (Elf:3)
  4 deep elf annihilators (Elf:3)
  5 bunyips
  An entropy weaver (Vaults:1)
  6 deep elf death magi (Elf:3)
  A green death (Swamp:4)
  3 eleionomae
  Snorg (Lair:6)
  3 yaktaur captains (Vaults:1)
  2 ettins
  Josephine (D:15)
  A rakshasa (D:13)
  A boulder beetle (D:13)
  9 naga warriors
  2 deep elf high priests (Elf:3)
  18 hydras
  An ice dragon (Snake:2)
  A catoblepas (D:9)
  3 caustic shrike simulacra (IceCv)
  A ghost crab (Swamp:4)
  An ogre mage (D:15)
  4 anacondas
  5 two-headed ogres
  4 centaur warriors
  7 dancing weapons
  Erica (D:8)
  2 salamander tyrants
  4 orc high priests
  3 tengu warriors
  6 alligators
  2 deep troll earth magi (Elf:2)
  16 naga sharpshooters
  A thrashing horror (Swamp:4)
  7 death yaks
  9 deep elf knights
  Nergalle (Lair:2)
  2 shock serpents
  A fire crab (Lair:6)
  6 salamander mystics
  Sonja (D:11)
  A sixfirhy (Lair:6)
  4 goliath frogs
  A spriggan druid (Swamp:2)
  11 skeletal warriors
  7 deep trolls
  An obsidian statue (IceCv)
  4 naga ritualists
  7 bog bodies
  10 swamp dragons
  6 deep elf archers
  27 deep elf zephyrmancers
  A necromancer (Vaults:1)
  7 orc knights
  3 wizards
  22 deep elf pyromancers
  6 cyclopes
  4 ironbound convokers (Vaults:1)
  18 ugly things
  8 orc sorcerers
  A lindwurm (Vaults:1)
  9 mana vipers
  6 will-o-the-wisps
  11 elephants
  7 salamanders
  3 manticores
  4 guardian serpents
  3 vault sentinels (Vaults:1)
  An ice statue (Snake:2)
  7 cane toads
  7 naga magi
  25 black mambas
  2 torpor snails
  A smoke demon (Lair:6)
  3 orange demons
  15 komodo dragons
  A tengu conjurer (D:13)
  A komodo dragon (shapeshifter) (D:14)
  5 ice devils
  4 rime drakes
  2 anaconda simulacra (IceCv)
  4 entropy weaver simulacra (IceCv)
  2 freezing wraiths (IceCv)
  2 polar bears
  3 meliai (D:14)
  9 trolls
  4 tyrant leeches
  16 blink frogs
  A hornet (D:8)
  6 dream sheep (Lair:4)
  17 slime creatures
  A large abomination (Swamp:4)
  2 shadows
  A water elemental (Elf:3)
  A dire elephant simulacrum (IceCv)
  A spriggan (Swamp:2)
  11 wyverns
  6 wraiths
  41 yaks
  12 spriggan simulacra (IceCv)
  A vampire (D:6)
  2 fire bats (Orc:2)
  9 minotaur simulacra (IceCv)
  3 fire elementals
  13 vampire mosquitoes
  3 steam dragons
  8 wargs
  6 basilisks
  3 harpy simulacra (IceCv)
  29 nagas
  Menkaure (D:7)
  11 swamp worms
  An acid dragon (D:13)
  13 water moccasins
  3 hell hounds (Lair:6)
  2 swamp drakes
  5 black bears
  2 ice beasts
  26 orc warriors
  11 ogres
  2 sky beasts
  5 centaurs
  13 wolves
  3 necrophages
  A small abomination (Swamp:4)
  3 kobold brigands
  2 earth elementals
  6 bullfrogs
  3 gnoll sergeants
  A wyvern zombie (D:8)
  4 scorpions
  2 water moccasin zombies (Ossuary)
  5 deep troll simulacra (IceCv)
  A water moccasin skeleton (D:6)
  3 lindwurm simulacra (IceCv)
  12 killer bees (D:10)
  5 howler monkeys
  5 wights (D:6)
  An electric eel (Lair:3)
  A crimson imp (D:14)
  6 centaur zombies
  A centaur skeleton (D:9)
  2 hounds
  23 orc priests
  A bullfrog skeleton (D:7)
  2 jellies
  7 iguanas
  19 orc wizards
  A centaur simulacrum (D:9)
  2 hound skeletons (D:4)
  A howler monkey zombie (D:7)
  3 mummies
  Robin (D:1)
  23 gnolls
  9 adders
  A shadow imp (D:6)
  5 adder zombies (Ossuary)
  An adder skeleton (D:5)
  4 worms
  4 dart slugs
  90 orcs
  11 bats
  9 endoplasms
  8 giant cockroaches
  2 gnoll zombies (Ossuary)
  18 goblins
  6 hobgoblins
  12 jackals
  24 kobolds
  3 quokkas
  12 ball pythons
  5 frilled lizards
  3 hobgoblin zombies (Ossuary)
  5 kobold zombies (Ossuary)
  11 orc zombies (Ossuary)
  A quokka skeleton (D:4)
  8 rats
  A spectral hobgoblin (D:2)
1171 creatures vanquished.

Vanquished Creatures (collateral kills)
  Mlioglotl (Swamp:4)
  A thorn hunter (Swamp:2)
  A fire giant (D:15)
  An orc warlord (Orc:2)
  A fenstrider witch (Swamp:2)
  4 hydras
  3 naga warriors
  A centaur warrior (D:13)
  9 dancing weapons
  An alligator (Swamp:3)
  A two-headed ogre (D:9)
  A shock serpent (Snake:3)
  2 naga sharpshooters
  2 skeletal warriors
  A naga ritualist (Snake:1)
  A deep elf zephyrmancer (Elf:2)
  2 bog bodies
  A deep elf pyromancer (Elf:3)
  3 salamanders
  A manticore (D:11)
  A will-o-the-wisp (Swamp:1)
  An orc sorcerer (Orc:2)
  A black mamba (Snake:2)
  An orange demon (Swamp:4)
  A cane toad (Lair:6)
  An entropy weaver simulacrum (IceCv)
  A hornet (Swamp:1)
  2 slime creatures (D:13)
  2 shadows (Swamp:4)
  A wraith (D:15)
  2 spriggans
  A spriggan simulacrum (IceCv)
  A minotaur simulacrum (IceCv)
  2 nagas
  A hydra simulacrum (IceCv)
  A hell hound (Lair:6)
  An alligator simulacrum (IceCv)
  An orc priest (D:9)
  4 orcs
  2 briar patches (Swamp:2)
  2 foxfires (Swamp:2)
68 creatures vanquished.

Vanquished Creatures (others)
  A bunyip (Swamp:4)
  A green death (Swamp:4)
  A hydra (Swamp:4)
  An alligator (Swamp:4)
  A swamp dragon (Swamp:4)
  A deep elf zephyrmancer (Elf:2)
  4 deep elf pyromancers
  A bloated husk (Swamp:4)
  A slime creature (D:12)
  2 swamp worms (Swamp:4)
  An orc priest (Orc:2)
  An orc wizard (Orc:2)
  A howler monkey skeleton (D:9)
  An orc (Orc:2)
  2 briar patches (Swamp:2)
  A butterfly (D:8)
  227 foxfires
  34 fungi
  48 plants
330 creatures vanquished.

Grand Total: 1569 creatures vanquished

Notes
Turn   | Place    | Note
-------+----------+-------------------------------------------
     0 | D:1      | DungeonMaster the Demonspawn Wanderer began the quest for
                  | the Orb.
     0 | D:1      | DungeonMaster set off with the following items: a +2
                  | quarterstaff, 2 scrolls of teleportation, a +0 robe
     0 | D:1      | Reached XP level 1. HP: 16/16 MP: 2/2
   104 | D:1      | Found Dipidiv's Distillery.
   184 | D:1      | Gained mutation: Spells you cast may paralyse adjacent
                  | enemies. [demonic ancestry]
   184 | D:1      | Reached XP level 2. HP: 22/22 MP: 3/3
   508 | D:1      | Reached skill level 1 in Armour
   697 | D:1      | Gained mutation: You have sharp toenails. [demonic
                  | ancestry]
   697 | D:1      | Reached XP level 3. HP: 28/28 MP: 4/4
  1144 | D:2      | Noticed Robin
  1161 | D:1      | Killed Robin
  1363 | D:2      | Reached XP level 4. HP: 28/34 MP: 4/6
  2034 | D:2      | Found a faded altar of an unknown god.
  2355 | D:3      | You fall into a shaft and drop 1 floor!
  2477 | D:4      | Identified a scroll of acquirement
  2477 | D:4      | Acquired a +2 demon trident of venom
  2524 | D:3      | Reached XP level 5. HP: 28/41 MP: 7/7
  3071 | D:3      | Found Zeidgh's Armour Emporium.
  3814 | D:4      | Noticed a black bear
  3825 | D:4      | Killed a black bear
  3826 | D:4      | Reached XP level 6. HP: 20/48 MP: 5/9
  4128 | D:4      | Found Decim's Weapon Shoppe.
  4746 | D:5      | Entered Level 5 of the Dungeon
  4828 | D:5      | Gained mutation: Spells you cast may paralyse nearby
                  | enemies. [demonic ancestry]
  4828 | D:5      | Reached XP level 7. HP: 38/54 MP: 8/11
  6233 | D:6      | Reached skill level 5 in Fighting
  6234 | D:6      | Gained mutation: You are partially covered in razor-sharp
                  | scales. (AC +1, Slay +1) [demonic ancestry]
  6234 | D:6      | Reached XP level 8. HP: 18/61 MP: 8/14
  6510 | D:6      | Found a sand-covered staircase.
  6523 | Ossuary  | Entered an ossuary
  6528 | Ossuary  | Acquired 824 gold pieces
  6702 | Ossuary  | Identified the +7 rapier of Indomitability {freeze, rF+
                  | Will+ rCorr Str-3}
  6762 | D:6      | Reached skill level 5 in Dodging
  6868 | D:6      | You fall into a shaft and drop 3 floors!
  6958 | D:9      | Reached skill level 5 in Armour
  6958 | D:9      | Reached skill level 5 in Spellcasting
  6962 | D:9      | Gained mutation: You are mostly covered in razor-sharp
                  | scales. (AC +2, Slay +2) [demonic ancestry]
  6962 | D:9      | Reached XP level 9. HP: 57/69 MP: 16/16
  7353 | D:6      | Reached skill level 2 in Shields
  7669 | D:6      | Found a staircase to the Ecumenical Temple.
  7689 | Temple   | Entered the Ecumenical Temple
  7719 | Temple   | Became a worshipper of Vehumet
  8338 | D:7      | Reached * piety under Vehumet
  8338 | D:7      | Offered knowledge of Sandblast by Vehumet.
  8403 | D:7      | Learned a level 3 spell: Ignite Poison
  8438 | D:7      | Reached skill level 3 in Shields
  8550 | D:7      | Reached skill level 1 in Fire Magic
  8550 | D:7      | Reached skill level 1 in Poison Magic
  8744 | D:7      | Found a snail-covered altar of Cheibriados.
  9114 | D:7      | Gained mutation: A weak demonic guardian rushes to your
                  | aid. [demonic ancestry]
  9114 | D:7      | Reached XP level 10. HP: 51/79 MP: 19/19
  9429 | D:7      | Found Araeb's Island Escapes.
  9504 | D:7      | Noticed Menkaure
  9517 | D:7      | Found a blossoming altar of Fedhas.
  9533 | D:7      | Killed Menkaure
  9655 | D:7      | Identified the +1 leather armour of Ucwaf {Drain rElec
                  | Will+}
 10056 | D:8      | Noticed Erica
 10075 | D:8      | HP: 2/79 [something (3)]
 10099 | D:7      | HP: 3/79 [poisoned by Erica (bolt of poison)]
 10455 | D:8      | Killed Erica
 10456 | D:8      | Reached skill level 4 in Shields
 10829 | D:8      | Found a sacrificial altar of Ru.
 10837 | D:8      | Reached ** piety under Vehumet
 10837 | D:8      | Offered knowledge of Foxfire by Vehumet.
 10950 | D:8      | Learned a level 4 spell: Olgreb's Toxic Radiance
 11088 | D:8      | Found a burning altar of Makhleb.
 11098 | D:8      | Noticed a deep elf pyromancer
 11213 | D:8      | Killed a deep elf pyromancer
 11764 | D:9      | Noticed a two-headed ogre
 11778 | D:9      | Killed a two-headed ogre
 11952 | D:9      | Noticed a two-headed ogre
 11964 | D:9      | Killed a two-headed ogre
 11965 | D:9      | Reached skill level 5 in Shields
 12107 | D:9      | Learned a level 1 spell: Foxfire
 12121 | D:9      | Noticed a catoblepas
 12130 | D:9      | Killed a catoblepas
 12131 | D:9      | Gained mutation: A demonic guardian rushes to your aid.
                  | [demonic ancestry]
 12131 | D:9      | Reached XP level 11. HP: 68/84 MP: 22/22
 12444 | D:7      | Bought a potion of invisibility for 104 gold pieces
 12444 | D:7      | Bought a scroll of fog for 26 gold pieces
 12444 | D:7      | Bought a scroll of teleportation for 39 gold pieces
 12444 | D:7      | Bought a scroll of teleportation for 39 gold pieces
 12444 | D:7      | Bought 2 potions of haste for 260 gold pieces
 12444 | D:7      | Bought a scroll of blinking for 97 gold pieces
 12444 | D:7      | Bought a potion of flight for 39 gold pieces
 12661 | D:9      | Identified the +5 falchion of Ceyn Kac {antimagic, +Blink
                  | rF+ Str+3 Dex-5}
 12684 | D:9      | Noticed a two-headed ogre
 12704 | D:9      | Killed a two-headed ogre
 12993 | D:10     | Entered Level 10 of the Dungeon
 13242 | D:10     | Noticed a two-headed ogre
 13258 | D:10     | Killed a two-headed ogre
 13353 | D:10     | Reached skill level 5 in Poison Magic
 13803 | D:10     | Offered knowledge of Inner Flame by Vehumet.
 13804 | D:10     | Reached skill level 5 in Fire Magic
 13926 | D:10     | Reached skill level 6 in Shields
 14333 | D:10     | Found an opulent altar of Gozag.
 14678 | D:11     | Reached *** piety under Vehumet
 15108 | D:11     | Found a staircase to the Lair.
 15127 | D:11     | Noticed a two-headed ogre
 15134 | D:11     | Killed a two-headed ogre
 15240 | D:11     | Found Foumiruh's Armour Shop.
 15242 | D:11     | Found a staircase to the Orcish Mines.
 15254 | D:11     | Found Ymmarel's Weapon Shop.
 15309 | D:11     | Bought a +1 pair of boots for 172 gold pieces
 15577 | D:11     | Noticed a cyan ugly thing
 15583 | D:11     | Killed a cyan ugly thing
 15583 | D:11     | Offered knowledge of Dazzling Flash by Vehumet.
 15866 | D:11     | Reached XP level 12. HP: 64/91 MP: 15/24
 15991 | D:11     | Noticed Sonja
 15996 | D:11     | Killed Sonja
 16087 | D:11     | Acquired 944 gold pieces
 16089 | D:11     | Acquired the amulet of Rodiafra {Faith Drain rPois rF+ rC+}
 16282 | D:11     | Reached skill level 7 in Shields
 16540 | D:12     | Noticed a five-headed hydra
 16554 | D:12     | Killed a one-headed hydra
 17199 | D:12     | Found Jovoes's Book Boutique.
 17810 | D:13     | Noticed a centaur warrior
 17819 | D:13     | Killed a centaur warrior
 17863 | D:13     | Noticed a centaur warrior
 17882 | D:13     | Killed a centaur warrior
 17961 | Lair:1   | Entered Level 1 of the Lair of Beasts
 18063 | Lair:1   | Reached **** piety under Vehumet
 18323 | Lair:1   | Reached skill level 8 in Shields
 18988 | Lair:1   | Reached skill level 10 in Dodging
 19113 | Lair:2   | Offered knowledge of Hailstorm by Vehumet.
 19216 | Lair:2   | Learned a level 4 spell: Sticky Flame
 19224 | Lair:2   | Noticed Nergalle
 19229 | Lair:2   | Killed Nergalle
 19230 | Lair:2   | Reached skill level 10 in Spellcasting
 19230 | Lair:2   | Reached XP level 13. HP: 96/96 MP: 8/27
 19763 | Lair:2   | Reached skill level 9 in Shields
 20075 | Lair:2   | Found a staircase to the Snake Pit.
 20409 | Lair:2   | Found a staircase to the Swamp.
 20924 | Lair:3   | Reached ***** piety under Vehumet
 20926 | Lair:3   | Offered knowledge of Eringya's Noxious Bog by Vehumet.
 21251 | Lair:3   | Found the +4 dagger "Morg" {pain, Will+ Int+5}
 21862 | Lair:4   | Reached skill level 10 in Shields
 22661 | Lair:5   | Gained mutation: You have razor-sharp toenails. [demonic
                  | ancestry]
 22661 | Lair:5   | Reached XP level 14. HP: 103/103 MP: 20/29
 22891 | Lair:5   | Reached skill level 10 in Fire Magic
 23484 | Lair:6   | Entered Level 6 of the Lair of Beasts
 23852 | Lair:6   | Noticed Snorg
 23862 | Lair:6   | Killed Snorg
 23863 | Lair:6   | Reached skill level 11 in Shields
 24227 | Lair:6   | Offered knowledge of Starburst by Vehumet.
 24260 | Lair:6   | Learned a level 6 spell: Starburst
 24654 | Lair:6   | Found a burning altar of Makhleb.
 24858 | Lair:6   | Found a runed translucent door.
 24858 | Lair:6   | Found a viscous altar of Jiyva.
 24858 | Lair:6   | Identified the +3 war axe "Buggacec" {flame, *Slow rPois
                  | rC+}
 24858 | Lair:6   | Noticed an azure jelly
 24859 | Lair:6   | Found a staircase to the Slime Pits.
 24859 | Lair:6   | Noticed an azure jelly
 24859 | Lair:6   | Noticed an azure jelly
 25035 | Lair:6   | Found a gateway to Hell.
 25283 | Orc:1    | Entered Level 1 of the Orcish Mines
 25865 | Orc:2    | Entered Level 2 of the Orcish Mines
 26049 | Orc:2    | Found Yhanonimm's Antique Armour Shop.
 26062 | Orc:2    | Bought a pair of embroidered boots for 225 gold pieces
 26262 | Orc:2    | Offered knowledge of Iskenderun's Battlesphere by Vehumet.
 26274 | Orc:2    | Noticed an orc warlord
 26285 | Orc:2    | Killed an orc warlord
 26472 | Orc:2    | Gained mutation: You are completely covered in razor-sharp
                  | scales. (AC +3, Slay +3) [demonic ancestry]
 26472 | Orc:2    | Reached XP level 15. HP: 72/107 MP: 10/31
 26592 | Orc:2    | Noticed an orc warlord
 26623 | Orc:2    | Killed an orc warlord
 26648 | Orc:2    | Gained mutation: You occasionally shout uncontrollably at
                  | your foes. [potion of mutation]
 26648 | Orc:2    | Gained mutation: Your body sometimes deteriorates upon
                  | taking damage. [potion of mutation]
 26648 | Orc:2    | Gained mutation: Your mind is acute. (Int +2) [potion of
                  | mutation]
 26963 | Orc:2    | Found Rausuff's Antique Armour Shoppe.
 26963 | Orc:2    | Found Gueryury's Magic Scroll Shop.
 26967 | Orc:2    | Found Yruwegove's Weapon Shop.
 26967 | Orc:2    | Found Deoboos's Antique Weapon Shoppe.
 27040 | Orc:2    | Found a staircase to the Elven Halls.
 27334 | Orc:2    | Bought a fine cloak for 323 gold pieces
 27334 | Orc:2    | Identified the +2 cloak of Protective Custody {+Blink} (You
                  | bought it in a shop on level 2 of the Orcish Mines)
 27334 | Orc:2    | Bought a glowing helmet for 255 gold pieces
 27342 | Orc:2    | Bought a glowing hat for 238 gold pieces
 27352 | Orc:2    | Bought a scroll of enchant armour for 120 gold pieces
 27352 | Orc:2    | Bought a scroll of teleportation for 48 gold pieces
 27352 | Orc:2    | Bought a scroll of summoning for 152 gold pieces
 27352 | Orc:2    | Bought a scroll of magic mapping for 56 gold pieces
 27375 | Orc:2    | Bought the +3 dagger of Nire {vorpal, Int+6 Dex+2 Stlth+}
                  | for 758 gold pieces
 28149 | D:13     | Reached skill level 12 in Shields
 28195 | D:13     | Reached skill level 5 in Conjurations
 28555 | D:13     | Found a broken altar of Ashenzari.
 29058 | D:13     | Offered knowledge of Freezing Cloud by Vehumet.
 29065 | D:13     | Learned a level 5 spell: Freezing Cloud
 29875 | D:14     | Found a gate to the Vaults.
 30471 | D:15     | Entered Level 15 of the Dungeon
 30472 | D:15     | Noticed Nessos
 30480 | D:15     | Killed Nessos
 30539 | D:15     | Found Xuanneak's Antique Weapon Shoppe.
 30609 | D:15     | Noticed Agnes
 30619 | D:15     | Killed Agnes
 30725 | D:15     | Found a staircase to the Depths.
 30725 | D:15     | Noticed a fire giant
 30742 | D:15     | Killed a fire giant
 31002 | D:15     | Found a portal to a secret trove of treasure.
 31003 | D:15     | Noticed Josephine
 31011 | D:15     | Killed Josephine
 31144 | D:15     | Acquired 522 gold pieces
 31355 | D:15     | Identified the +9 rapier "Yxzufuowk" {flame, Str+5}
 31470 | D:15     | Offered knowledge of Yara's Violent Unravelling by Vehumet.
 31905 | D:15     | Upgraded the game from 0.28-a0-533-g9f97627e2a to
                  | 0.28-a0-544-g207b005307
 32257 | D:1      | Bought a potion of mutation for 104 gold pieces
 32257 | D:1      | Bought a potion of might for 52 gold pieces
 32257 | D:1      | Bought a potion of haste for 130 gold pieces
 32257 | D:1      | Bought a potion of heal wounds for 65 gold pieces
 32257 | D:1      | Bought a potion of curing for 39 gold pieces
 32257 | D:1      | Bought a potion of invisibility for 104 gold pieces
 32257 | D:1      | Bought a potion of curing for 39 gold pieces
 32257 | D:1      | Bought a potion of curing for 39 gold pieces
 32257 | D:1      | Bought a potion of curing for 39 gold pieces
 32257 | D:1      | Bought a potion of flight for 39 gold pieces
 32257 | D:1      | Bought a potion of curing for 39 gold pieces
 32257 | D:1      | Bought a potion of curing for 39 gold pieces
 32257 | D:1      | Bought a potion of mutation for 104 gold pieces
 32257 | D:1      | Lost mutation: Your body sometimes deteriorates upon taking
                  | damage. [potion of mutation]
 32257 | D:1      | Lost mutation: Your mind is acute. (Int +2) [potion of
                  | mutation]
 32257 | D:1      | Lost mutation: You occasionally shout uncontrollably at
                  | your foes. [potion of mutation]
 32257 | D:1      | Gained mutation: Your spells are a little harder to cast,
                  | but a little more powerful. [potion of mutation]
 32257 | D:1      | Gained mutation: Your natural rate of healing is unusually
                  | fast. [potion of mutation]
 32257 | D:1      | Gained mutation: You are agile. (Dex +2) [potion of
                  | mutation]
 32916 | Swamp:1  | Entered Level 1 of the Swamp
 32942 | Swamp:1  | Gained mutation: You have claws for feet. [demonic
                  | ancestry]
 32942 | Swamp:1  | Reached XP level 16. HP: 115/115 MP: 33/33
 33168 | Swamp:1  | Upgraded the game from 0.28-a0-544-g207b005307 to
                  | 0.28-a0-578-g717728bcc0
 33274 | Swamp:1  | Noticed a tentacled monstrosity
 33372 | Swamp:1  | Killed a tentacled monstrosity
 33373 | Swamp:1  | Reached skill level 13 in Shields
 33373 | Swamp:1  | Reached skill level 1 in Air Magic
 33465 | Swamp:1  | Reached skill level 1 in Ice Magic
 33475 | Swamp:2  | Noticed a thorn hunter
 34516 | Swamp:3  | Paralysed by a fenstrider witch for 2 turns
 34702 | Swamp:4  | Entered Level 4 of the Swamp
 34702 | Swamp:4  | Noticed Mlioglotl
 34883 | Swamp:4  | Noticed a tentacled monstrosity
 34922 | Swamp:4  | Reached ****** piety under Vehumet
 34947 | Swamp:4  | Killed a tentacled monstrosity
 34966 | Swamp:4  | Offered knowledge of Orb of Destruction by Vehumet.
 35307 | Swamp:4  | Killed Mlioglotl
 35385 | Swamp:4  | Gained mutation: A powerful demonic guardian rushes to your
                  | aid. [demonic ancestry]
 35385 | Swamp:4  | Reached XP level 17. HP: 120/120 MP: 35/35
 35490 | Swamp:4  | Got a decaying rune of Zot
 35681 | Snake:1  | Entered Level 1 of the Snake Pit
 35938 | Orc:2    | Bought a pitted ring mail for 270 gold pieces
 35938 | Orc:2    | Identified the +4 ring mail of Hide-and-Seek {+Inv rElec
                  | rPois rN+} (You bought it in a shop on level 2 of the
                  | Orcish Mines)
 36211 | D:3      | Bought a +2 pair of gloves of archery for 258 gold pieces
 36794 | Snake:1  | Found Cufyurr's Armour Emporium.
 36900 | Snake:1  | Offered knowledge of Ignition by Vehumet.
 36913 | Snake:1  | Learned a level 8 spell: Ignition
 36923 | Snake:2  | Found a frozen archway.
 36979 | IceCv    | Entered an ice cave
 36988 | IceCv    | Reached skill level 5 in Ice Magic
 37081 | IceCv    | Reached skill level 5 in Air Magic
 37195 | IceCv    | Got Qucsaz's Almanac of the Excruciating Snowflakes
 37201 | IceCv    | Learned a level 4 spell: Hailstorm
 37791 | IceCv    | Noticed an Ice Fiend
 37805 | IceCv    | Killed an Ice Fiend
 37806 | IceCv    | Reached skill level 14 in Shields
 38329 | Snake:3  | Reached skill level 10 in Conjurations
 38346 | Snake:3  | Offered knowledge of Fire Storm by Vehumet.
 38346 | Snake:3  | Offered knowledge of Polar Vortex by Vehumet.
 38346 | Snake:3  | Offered knowledge of Maxwell's Capacitive Coupling by
                  | Vehumet.
 38440 | Snake:2  | Found Fonlo's Jewellery Shop.
 38657 | Snake:4  | Entered Level 4 of the Snake Pit
 38669 | Snake:4  | Noticed Vashnia
 38784 | Snake:4  | Killed Vashnia
 38825 | Snake:4  | Acquired 561 gold pieces
 38883 | Snake:4  | Found Fuobriukk's Magic Scroll Boutique.
 38889 | Snake:4  | Bought a scroll of acquirement for 1040 gold pieces
 38889 | Snake:4  | Bought a scroll of blinking for 150 gold pieces
 38889 | Snake:4  | Bought a scroll of blinking for 150 gold pieces
 38889 | Snake:4  | Bought a scroll of fog for 40 gold pieces
 38889 | Snake:4  | Bought a scroll of teleportation for 60 gold pieces
 38889 | Snake:4  | Bought a scroll of teleportation for 60 gold pieces
 38889 | Snake:4  | Bought a scroll of immolation for 70 gold pieces
 38905 | Snake:4  | Acquired 825 gold pieces
 38945 | Snake:4  | Gained mutation: Spells you cast and wands you use may
                  | paralyse nearby enemies. [demonic ancestry]
 38945 | Snake:4  | Reached XP level 18. HP: 127/127 MP: 25/36
 39258 | Snake:4  | Got a serpentine rune of Zot
 39397 | Snake:1  | Acquired 787 gold pieces
 39922 | Elf:1    | Entered Level 1 of the Elven Halls
 40592 | Elf:1    | Found Ostieton's Assorted Antiques.
 40601 | Elf:1    | Bought a scroll of enchant weapon for 225 gold pieces
 41330 | Elf:2    | Found a runed translucent gate.
 41330 | Elf:2    | Found a runed translucent gate.
 41330 | Elf:2    | Found a runed translucent gate.
 41435 | Elf:2    | Reached skill level 15 in Shields
 41579 | Elf:3    | Entered Level 3 of the Elven Halls
 41732 | Elf:3    | Found Utrag's Antique Armour Shop.
 41846 | Elf:3    | Reached XP level 19. HP: 74/132 MP: 10/37
 41901 | Elf:3    | Identified the ring "Xes Mesa" {Fly Will+ Str+3 Int-5}
 42732 | Elf:3    | Cast into level 3 of the Abyss (a deep elf sorcerer)
 42734 | Abyss:3  | Identified the +2 leather armour of the Big Bang {rN+ Str+4
                  | Int-3}
 42740 | Elf:3    | Escaped the Abyss
 43252 | Elf:3    | Identified the +6 scale mail of Weirdness {MP+9}
 43281 | Elf:3    | Got the Compendium of Ghastly Dislocation
 43289 | Elf:3    | Identified the ring of Keizuxza {Wiz Str+3}
 44721 | Vaults:1 | Entered Level 1 of the Vaults
 44733 | Vaults:1 | Reached skill level 10 in Armour
 44815 | Vaults:1 | Killed from afar by an ironbound frostheart

Illustrated notes

Levels and vault maps discovered:
D:1:      heliophobic_arrival_henge, layout_loops_corners, serial_shops, shop,
          minmay_misc_feat_rows, wad_floor_pattern_1, minivault_5
D:2:      layout_basic, dreamdust_ecumenical_altar_drowned_temple, serial_shops,
          shop, uniq_robin
D:3:      layout_basic, serial_shops, shop_coins, minmay_unequal
D:4:      minmay_chambers_of_twos, layout_basic, serial_shops,
          nicolae_shop_temple_entry_statues_fountains, minmay_misc_feat_square,
          minmay_quadrilaterals
D:5:      layout_basic, kennysheep_generic_room_2
D:6:      kennysheep_steamy, layout_loops_ring, minmay_temple_entry_junction,
          enter_ossuary_3, minmay_checkerbox
D:7:      layout_loops_ring, lemuel_round_altar, fedhas_altar_1,
          nicolae_island_escapes, uniq_menkaure
D:8:      layout_basic, nicolae_elyvilon_peaceful_grove,
          mainiacjoe_overflow_concentric_impassable,
          nicolae_ru_great_annihilating_truth, chequers_hall_statues_y,
          uniq_erica
D:9:      layout_irregular_city, hangedman_weighted_door
D:10:     layout_basic, nicolae_gozag_seed_capital, serial_undead,
          serial_undead_d, serial_undead_a, serial_undead_c, serial_undead_f
D:11:     layout_roguey, minmay_lair_entry_grove, orc_david_3, uniq_sonja
D:12:     layout_gridville, serial_shops, nicolae_shop_waterfront
D:13:     layout_basic, evilmike_ruin_ashenzari
D:14:     layout_stronghold, erik_vaults_1, minivault_11, lightli_wizard_tower
D:15:     grunt_enter_depths_giant_problem, layout_basic, serial_shops,
          nicolae_shop_statue_plus, nicolae_trove_entry_isolated,
          grunt_ministairs_5, uniq_agnes, uniq_nessos, uniq_josephine
Temple:   eino_temple_scatter_basement
Lair:1:   beast_lair_carwin_large_2, layout_regular_city
Lair:2:   layout_cave_pods, palyth_hydra_swamp_entry,
          minmay_snake_entry_guardpost_small, st_stairs_9, uniq_nergalle
Lair:3:   layout_loops_ring, st_stairs_3, infiniplex_staircase_pool,
          lemuel_fruit_fields, serial_bayou_shore_a
Lair:4:   layout_regular_city, grunt_megastairs_5
Lair:5:   layout_roguey, serial_bayou_shore_b
Lair:6:   evil_forest, layout_misc_corridors, slime_altar_2, grunt_megastairs_1,
          uniq_snorg
Swamp:1:  layout_basic_swamp, nicolae_swamp_trees_clearing
Swamp:2:  layout_basic_swamp, evilmike_swamp_ruin_house_6
Swamp:3:  layout_basic_swamp, evilmike_swamp_ruin_house_2,
          nicolae_swamp_godswood
Swamp:4:  swamp_vile, layout_basic_swamp, swamp_pool2, uniq_mlioglotl
Snake:1:  layout_misc_corridors, serial_shops, shop
Snake:2:  layout_gridlike, portal_ice_cave_entry_ice_statue_two, serial_shops,
          shop
Snake:3:  layout_rooms
Snake:4:  johnstein_snake_rune_scales, layout_cave_town, serial_shops, shop,
          minmay_shop_star, uniq_vashnia, uniq_saint_roka, uniq_aizul
Orc:1:    layout_caves
Orc:2:    grunt_orc_tribal_feast, layout_caves, serial_shops,
          nicolae_shop_overgrown_old_shop, nicolae_orc_lava_tube
Elf:1:    eino_elf_arrival_customs, layout_geoelf_octagon, serial_shops, shop,
          minmay_elf_sorcery, billiards_dpeg, lemuel_upstairs_altar
Elf:2:    nicolae_elf_blades_splatter_lattice [nooodl_blade_entry_preview],
          layout_geoelf_diagonals, minivault_24, nicolae_elf_deep_friendship
Elf:3:    minmay_elf_hall_quartered_circle, layout_gridlike, serial_shops, shop
Vaults:1: dpeg_vaults_pockets_of_resistance, v_misc_12,
          vaults_room_grunt_arrival_checkpoint, v_misc_18, v_misc_8,
          vaults_room_mumra_shop_pool, v_misc_18, nicolae_vaults_network_star,
          nicolae_vaults_little_squares_4, vaults_room_door_ring,
          layout_vaults_ring, mu_enter_wizlab_5

Skill      XL: |  1  2  3  4  5  6  7  8  9 10 11 12 13 14 15 16 17 18 19 |
---------------+----------------------------------------------------------+-----
Armour         | 1 2 3 4 5 6 7 9 10 | 10.0
Dodging        | 2 3 4 5 6 7 8 10 | 10.0
Fighting       | 3 4 5 6 7 |  7.0
Spellcasting   | 2 3 4 5 6 7 8 10 11 12 13 14 | 14.5
Shields        | 3 5 6 8 10 11 12 13 14 15 | 15.9
Fire Magic     | 1 4 6 7 9 11 12 13 | 13.9
Poison Magic   | 1 4 5 |  5.0
Conjurations   | 4 7 8 10 11 12 | 12.3
Air Magic      | 4 6 8 |  8.8
Ice Magic      | 4 6 8 9 |  9.0
Staves         | |  1.0
Stealth        | |  1.0
Transmutations | |  1.0

Action                   |  1- 3 |  4- 6 |  7- 9 | 10-12 | 13-15 | 16-18 | 19-21 || total
-------------------------+-------+-------+-------+-------+-------+-------+-------++-------
Melee: Quarterstaff      |   102 |    73 |       |       |       |       |       ||   175
       Kick              |     9 |    31 |    75 |    86 |       |   317 |    15 ||   533
       Demon trident     |       |   152 |   399 |   527 |   179 |       |       ||  1257
       Scimitar          |       |       |       |    36 |    97 |    63 |       ||   196
       Rapier            |       |       |       |     3 |    68 |     6 |       ||    77
       Trident           |       |       |       |       |   619 |   859 |    55 ||  1533
       Dagger            |       |       |       |       |    15 |    75 |     2 ||    92
Throw: Dart              |       |       |       |    30 |     1 |       |       ||    31
       Throwing net      |       |       |       |       |       |       |     1 ||     1
 Cast: Ignite Poison     |       |       |       |    46 |   119 |    38 |    42 ||   245
       Olgreb's Toxic Ra |       |       |       |    31 |   157 |    44 |    55 ||   287
       Foxfire           |       |       |       |       |     7 |    89 |       ||    96
       Sticky Flame      |       |       |       |       |       |   238 |       ||   238
       Freezing Cloud    |       |       |       |       |       |    50 |    20 ||    70
       Starburst         |       |       |       |       |       |     2 |       ||     2
Evoke: Wand              |       |       |    10 |    15 |     6 |    37 |       ||    68
       Box of beasts     |       |       |       |       |     3 |     2 |       ||     5
       Phantom mirror    |       |       |       |       |     2 |     1 |       ||     3
       Condenser vane    |       |       |       |       |     1 |     3 |       ||     4
  Use: Scroll            |       |     7 |     9 |    13 |    15 |    26 |     2 ||    72
       Potion            |       |       |       |     5 |     5 |    11 |     3 ||    24
 Stab: Distracted        |       |     1 |       |       |     1 |       |       ||     2
       Invisible         |       |       |       |     1 |       |     1 |       ||     2
       Paralysed         |       |       |       |    24 |    27 |   144 |    13 ||   208
       Sleeping          |       |       |       |     2 |     1 |     1 |       ||     4
Armor: Ring mail         |    81 |   128 |   114 |       |       |   275 |    40 ||   638
       Steam dragon scal |       |       |    60 |       |       |       |       ||    60
       Leather armour    |       |       |     9 |   347 |       |       |       ||   356
       Troll leather arm |       |       |       |    64 |   573 |   429 |       ||  1066
Dodge: Dodged            |    74 |   147 |   234 |   505 |   670 |   560 |    33 ||  2223
Block: Buckler           |       |       |    42 |   200 |   279 |       |       ||   521
       Tower shield      |       |       |       |       |   535 |  1725 |   112 ||  2372
       Reflection        |       |       |       |       |    11 |   117 |    13 ||   141

Table legend: (Time is in decaauts)
 A = Elapsed time spent in this place.
 B = Non-inter-level travel time spent in this place.
 C = Inter-level travel time spent in this place.
 D = Time resting spent in this place.
 E = Time spent auto-exploring this place.
 F = Levels seen in this place.
 G = Mean time per level.
                   A        B        C        D        E       F      G
               +--------+--------+--------+--------+--------+-----+--------+
         Total |  46482 |  42645 |   3837 |  10331 |  18709 |  39 | 1191.8 |
       Dungeon |  24956 |  22235 |   2721 |   5648 |  11534 |  15 | 1663.7 |
        Temple |     39 |     30 |      9 |      0 |     21 |   1 |   39.0 |
          Lair |   7707 |   7258 |    449 |   1028 |   4548 |   6 | 1284.5 |
         Swamp |   3178 |   3066 |    112 |    767 |      7 |   4 |  794.5 |
     Snake Pit |   2307 |   2168 |    139 |    407 |    256 |   4 |  576.8 |
  Orcish Mines |   2546 |   2303 |    243 |    414 |   1277 |   2 | 1273.0 |
   Elven Halls |   4428 |   4267 |    161 |   1589 |    958 |   3 | 1476.0 |
        Vaults |     94 |     94 |      0 |     27 |     26 |   1 |   94.0 |
         Abyss |      7 |      7 |      0 |      0 |      0 |   1 |    7.0 |
       Ossuary |    210 |    210 |      0 |      0 |     82 |   1 |  210.0 |
      Ice Cave |   1004 |   1004 |      0 |    450 |      0 |   1 | 1004.0 |
               +--------+--------+--------+--------+--------+-----+--------+

Top non-repeatable levels by time:
   Elf:3: 2240 daAuts
    D:15: 2213 daAuts
    D:11: 2204 daAuts
     D:7: 1979 daAuts
     D:6: 1938 daAuts
    D:10: 1794 daAuts
    D:13: 1783 daAuts
   Orc:2: 1773 daAuts
    D:14: 1758 daAuts
     D:8: 1733 daAuts
  Lair:6: 1729 daAuts
  Lair:2: 1693 daAuts
     D:5: 1576 daAuts
     D:9: 1539 daAuts
     D:1: 1386 daAuts
